 Dungeon Crawl Stone Soup version 0.26-a0-597-gb535b0901c (webtiles) character file.

Game seed: 1573472395552279258

(classic levelgen) 100441 EnegeticOcto the Severer (level 15, -2/158 HPs)
             Began as a Deep Dwarf Fighter on Aug 28, 2020.
             Was the Champion of Makhleb.
             Slain by a shock serpent (12 damage)
             ... on level 3 of the Snake Pit.
             The game lasted 00:12:26 (12593 turns).

EnegeticOcto the Severer (Deep Dwarf Fighter)      Turns: 12593, Time: 00:12:27

Health: -2/158     AC: 25    Str: 25    XL:     15   Next: 43%
Magic:  1/1        EV: 12    Int: 10    God:    Makhleb [******]
Gold:   564        SH:  5    Dex: 12    Spells: 14/14 levels left

rFire    . . .     SeeInvis +   A - +8 battleaxe (flame)
rCold    + + .     Faith    .   (shield currently unavailable)
rNeg     + . .     Spirit   .   B - +2 plate armour {rC+}
rPois    .         Reflect  +   G - +2 helmet {SInv}
rElec    .         Harm     .   r - scarf {repulsion}
rCorr    .                      C - +1 pair of gloves
MR       ++...                  (no boots)
Stlth    ..........             q - amulet of reflection
HPRegen  0.00/turn              g - ring of protection from cold
MPRegen  0.07/turn              (no ring)

@: lethally poisoned (-2 -> -39), non-regenerating, repel missiles
A: damage resistance, heal wounds, icy blue scales 1, negative energy resistance
1, sense surroundings 2, robust 1, MP-powered wands, no regeneration
}: 1/15 runes: barnacled
a: Heal Wounds, Minor Destruction, Lesser Servant of Makhleb, Major Destruction,
Greater Servant of Makhleb, Renounce Religion


You were on level 3 of the Snake Pit.
You worshipped Makhleb.
Makhleb was exalted by your worship.
You visited 6 branches of the dungeon, and saw 27 of its levels.

You collected 1885 gold pieces.
You spent 1321 gold pieces at shops.

Inventory:

Hand Weapons
 A - a +8 battleaxe of flaming (weapon)
Missiles
 I - a throwing net (quivered)
Armour
 r - a scarf of repulsion (worn)
 B - a +2 plate armour of cold resistance (worn)
 C - a +1 pair of gloves (worn)
 G - a +2 helmet of see invisible (worn)
Jewellery
 g - a ring of protection from cold (left hand)
 p - a +4 ring of protection {unknown}
 q - an amulet of reflection (around neck)
 J - an uncursed ring of magical power {unknown}
Wands
 j - a wand of iceblast (22) {@v2}
 n - a wand of acid (25) {@v1}
 u - a wand of polymorph (19)
 D - a wand of digging (3) {@v3}
Scrolls
 e - a scroll of fear
 f - 5 scrolls of immolation {@r4}
 i - a scroll of enchant armour
 l - 14 scrolls of teleportation {@r3}
 v - 2 scrolls of brand weapon
 x - 4 scrolls of remove curse {@r2}
 y - a scroll of fog
 E - a scroll of blinking
 H - 3 scrolls of identify {@r1}
Potions
 b - 2 potions of mutation
 c - 2 potions of cancellation
 d - 5 potions of might {@q3}
 h - a potion of ambrosia
 k - a potion of magic
 m - 2 potions of resistance {@q6}
 o - 6 potions of heal wounds {@q2}
 t - 3 potions of flight
 w - a potion of stabbing {@q5}
 z - 3 potions of lignification {@q7}
 F - a potion of invisibility
Miscellaneous
 a - a box of beasts (3/3)
 s - a phantom mirror


   Skills:
 * Level 12.0 Fighting
 * Level 16.7 Axes
 + Level 12.7 Armour
 + Level 11.0 Dodging
   Level 6.8 Shields
 * Level 13.4 Invocations


You had 14 spell levels left.
You didn't know any spells.
Your spell library was empty.

Dungeon Overview and Level Annotations

Branches:
Dungeon (12/15)            Temple (1/1) D:5            Lair (5/6) D:10
 Shoals (4/4) Lair:4        Snake (3/4) Lair:3          Orc (2/2) D:9
    Elf (0/3) Orc:2
  Slime: Lair:5-6

Altars:
Ashenzari
Cheibriados
Dithmenos
Elyvilon
Fedhas
Gozag
Kikubaaqudgha
Makhleb
Nemelex Xobeh
Okawaru
Qazlal
Ru
Sif Muna
Trog
Uskayaw
Vehumet
Wu Jian
Xom
Yredelemnul
Zin
The Shining One
Beogh

Shops:
D:6 (   D:11 [   Orc:2 :!?[   Shoals:2 =   Snake:1 }

Annotations:
D:6 3 runed translucent doors, sanderoThegreat's ghost, novice MiFi
D:11 2 runed translucent doors, exclusion: orange crystal statue
D:12 Kirke
Lair:5 exclusion: oklob plant
Snake:1 2 transporters, Ceovvig's ghost, journeyman DgFi
Orc:1 2 transporters, p0werm0de's ghost, journeyman MiFi


Innate Abilities, Weirdness & Mutations

You are resistant to damage.
You can heal yourself by infusing magical energy.
You resist negative energy. (rN+)
You passively map the area around you.
You do not regenerate.
You are partially covered in icy blue scales. (AC +2)
You are robust. (+10% HP)
You expend magic power (3 MP) to strengthen your wands.


Message History

You are too injured to fight recklessly!
You are too injured to fight recklessly!
You are too injured to fight recklessly!
You are too injured to fight recklessly!
You are too injured to fight recklessly!
You are too injured to fight recklessly!
You are too injured to fight recklessly!
You are too injured to fight recklessly!
You are too injured to fight recklessly!
You are too injured to fight recklessly!
You are too injured to fight recklessly!
Your magical essence is drained by the effort!
You feel much better.
You feel very sick. The black mamba barely misses you.
The sea snake bites you but does no damage.
The salamander barely misses you.
The salamander mystic hits you but does no damage.
The black mamba bites you!
The salamander hits you from afar with a +1 trident of protection.
You are engulfed in flames!
The salamander closely misses you.
The sea snake bites you but does no damage.
You are too injured to fight recklessly!
You are too injured to fight recklessly!
You are too injured to fight recklessly!
You are too injured to fight recklessly!
You are too injured to fight recklessly!
You are too injured to fight recklessly!
You are too injured to fight recklessly!
You are too injured to fight recklessly!
You are too injured to fight recklessly!
You are too injured to fight recklessly!
You are too injured to fight recklessly!
You are too injured to fight recklessly!
You are too injured to fight recklessly!
You feel very sick.
The salamander hits you but does no damage.
You block the black mamba's attack.
The salamander mystic gestures at you while chanting.
The lance of force misses you.
An adder comes into view.
The salamander hits you but does no damage.
The black mamba bites you but does no damage.
You see here a black mamba corpse.
You hit the salamander.
The salamander is lightly wounded.
You slash the sea snake! You burn the sea snake.
You slash the salamander mystic!
You kill the salamander mystic!
Makhleb accepts your kill.
You feel better.
Your plate armour prevents you from hitting the black mamba.
You feel very sick. You block the black mamba's attack.
You block the salamander's attack. The sea snake barely misses you.
You hit the salamander but do no damage.
The salamander is lightly wounded.
You slash the black mamba! You burn the black mamba. You miss the sea snake.
You feel very sick. The black mamba barely misses you.
A shock serpent comes into view.
The salamander hits you with a +0 trident.
You are engulfed in flames!
* * * LOW HITPOINT WARNING * * *
The salamander closely misses you. The sea snake closely misses you.
The black mamba bites you!
* * * LOW HITPOINT WARNING * * *
You are lethally poisoned!
The black mamba poisons you!
The salamander hits you from afar with a +1 trident of protection.
You are engulfed in flames!
* * * LOW HITPOINT WARNING * * *
You slash the salamander!
The salamander is lightly wounded.
You hit the black mamba. You burn the black mamba. You slash the sea snake!
You burn the sea snake.
You kill the sea snake!
Makhleb accepts your kill.
You feel better.
Your Fighting skill increases to level 12!
Your Dodging skill increases to level 11!
The sentinel's mark upon you fades away.
* * * LOW HITPOINT WARNING * * *
You feel very sick.
The salamander hits you with a +0 trident.
You are engulfed in flames!
* * * LOW HITPOINT WARNING * * *
The black mamba bites you but does no damage.
The salamander hits you from afar with a +0 halberd!
* * * LOW HITPOINT WARNING * * *
You are engulfed in flames!
* * * LOW HITPOINT WARNING * * *
You slice the salamander!!
The salamander is heavily wounded.
You miss the shock serpent. You closely miss the black mamba.
* * * LOW HITPOINT WARNING * * *
You feel very sick.
The black mamba bites you but does no damage.
The shock serpent bites you. The shock serpent shocks you!
You die...

, .# , , ...#
, ,....# ,*
......###
**........##
* #.......(##
,
#.>....NN###
,
*#....†)..>##
,,
##...S@S...#
, , *
###.N.###..#*
, *##...#*
#..# ,
*##..### ..#
, * , ##S.##
.## ,##.S## #
#...#* *
#..## , .,*
,, #..# ,..#


You could see 3 salamanders, 2 shock serpents, a black mamba and an adder.

Vanquished Creatures
  Saint Roka (Orc:2)
  Gastronok (D:8)
  Nessos (Orc:2)
  A merfolk javelineer (Shoals:3)
  6 merfolk impalers
  An ogre mage (Orc:2)
  2 naga warriors
  A merfolk avatar (Shoals:3)
  An anaconda (Snake:1)
  5 merfolk aquamancers
  A hydra (D:11)
  2 orc high priests (Orc:1)
  Urug (D:11)
  A naga sharpshooter (Snake:2)
  3 shock serpents
  Nergalle (Orc:2)
  2 salamander mystics (Snake:3)
  8 sea snakes
  3 naga ritualists
  Pikel (D:6)
  A harpy (Shoals:3)
  5 mana vipers
  An orc knight (Orc:1)
  A manticore (Shoals:4)
  2 salamanders (Snake:1)
  12 orc sorcerers
  An elephant (Lair:3)
  11 fauns
  3 merfolk sirens
  25 black mambas
  A cyclops (Orc:1)
  A centaur zombie (D:11)
  2 guardian serpents
  6 cane toads
  Joseph (D:9)
  3 water nymphs
  7 naga magi
  5 rime drakes
  4 komodo dragons
  A queen bee (Lair:3)
  3 trolls
  22 merfolk
  3 wind drakes
  Prince Ribbit (D:6)
  7 hippogriffs
  3 snapping turtles
  14 blink frogs
  2 water elementals (Shoals:3)
  Sigmund (D:4)
  A wyvern (D:5)
  2 hogs (D:12)
  13 yaks
  A human (D:9)
  5 basilisks
  2 steam dragons (Lair:3)
  3 wargs
  Menkaure (D:6)
  20 nagas
  A soldier ant (D:11)
  12 water moccasins
  4 porcupines
  3 sky beasts
  A black bear (Lair:4)
  14 orc warriors
  2 phantoms
  13 ogres
  8 centaurs
  4 wolves
  6 crocodiles
  2 big kobolds
  17 bullfrogs
  A water moccasin skeleton (D:10)
  3 scorpions
  31 killer bees
  5 howler monkeys
  A quasit (D:8)
  2 centaur skeletons
  4 hounds
  3 jellies
  30 orc wizards
  11 orc priests
  4 bullfrog skeletons
  5 iguanas
  5 worker ants
  3 hound zombies
  A hound skeleton (D:6)
  A howler monkey skeleton (D:9)
  4 gnolls (D:4)
  20 adders
  3 shadow imps
  2 white imps
  An ufetubus (D:5)
  An ooze (D:1)
  An adder skeleton (D:8)
  5 worms
  6 leopard geckos
  66 orcs
  3 bats
  4 giant cockroaches
  A hobgoblin (D:2)
  3 jackals (D:5)
  3 quokkas
  3 ball pythons (Snake:3)
  7 frilled lizards
  A giant cockroach zombie (D:5)
  2 goblins
  5 kobolds
  A leopard gecko skeleton (D:5)
  A leopard gecko zombie (D:6)
  6 rats (D:2)
586 creatures vanquished.

Vanquished Creatures (collateral kills)
  2 orc wizards (Orc:2)
  An orc (Orc:2)
3 creatures vanquished.

Vanquished Creatures (others)
  A black mamba (Snake:1)
  A merfolk (Shoals:3)
  2 water moccasins (Snake:3)
  A killer bee (Lair:3)
  3 fungi
  113 plants
121 creatures vanquished.

Grand Total: 710 creatures vanquished

Notes
Turn   | Place    | Note
-------+----------+-------------------------------------------
     0 | D:1      | EnegeticOcto the Deep Dwarf Fighter began the quest for the
                  | Orb.
     0 | D:1      | Reached XP level 1. HP: 20/20 MP: 1/1
    99 | D:1      | Reached XP level 2. HP: 27/27 MP: 2/2
   263 | D:2      | Reached skill level 3 in Axes
   263 | D:2      | Reached XP level 3. HP: 25/33 MP: 2/2
   299 | D:2      | Found a glowing golden altar of the Shining One.
   395 | D:2      | Found a snail-covered altar of Cheibriados.
   396 | D:2      | Found an ancient bone altar of Kikubaaqudgha.
   400 | D:2      | Found a shadowy altar of Dithmenos.
   480 | D:2      | Reached XP level 4. HP: 32/42 MP: 3/3
   646 | D:4      | Noticed Sigmund
   649 | D:4      | Reached skill level 4 in Axes
   662 | D:4      | Killed Sigmund
   662 | D:4      | Reached XP level 5. HP: 20/49 MP: 4/4
   662 | D:4      | Reached XP level 6. HP: 23/56 MP: 5/5
   757 | D:4      | Reached skill level 5 in Axes
  1003 | D:4      | Reached XP level 7. HP: 42/64 MP: 6/6
  1160 | D:4      | Reached skill level 5 in Armour
  1657 | D:5      | Entered Level 5 of the Dungeon
  1671 | D:5      | Reached skill level 5 in Shields
  1683 | D:5      | Found a shimmering blue altar of Sif Muna.
  1713 | D:5      | Reached skill level 6 in Axes
  1811 | D:5      | Noticed a wyvern
  1831 | D:5      | Killed a wyvern
  1964 | D:5      | Reached XP level 8. HP: 44/73 MP: 6/6
  2046 | D:5      | Found a staircase to the Ecumenical Temple.
  2057 | D:5      | Reached skill level 7 in Axes
  2075 | Temple   | Entered the Ecumenical Temple
  2614 | D:6      | Found a bloodstained altar of Trog.
  2636 | D:6      | Found a burning altar of Makhleb.
  2636 | D:6      | Noticed Pikel
  2637 | D:6      | Found an iron altar of Okawaru.
  2637 | D:6      | Noticed Prince Ribbit
  2649 | D:6      | Killed Pikel
  2649 | D:6      | Reached skill level 5 in Fighting
  2649 | D:6      | Reached skill level 8 in Axes
  2664 | D:6      | Killed Prince Ribbit
  2678 | D:6      | Found a glowing golden altar of the Shining One.
  2684 | D:6      | Became a worshipper of Makhleb the Destroyer
  2713 | D:6      | Gained mutation: You passively map the area around you.
                  | [Deep Dwarf growth]
  2713 | D:6      | Reached XP level 9. HP: 57/81 MP: 6/6
  2714 | D:6      | Noticed Menkaure
  2728 | D:6      | Killed Menkaure
  2728 | D:6      | Reached skill level 1 in Invocations
  2770 | D:6      | Found a runed translucent gate.
  2770 | D:6      | Found a runed translucent gate.
  2772 | D:6      | Found a runed translucent gate.
  2772 | D:6      | Noticed a kobold demonologist
  2793 | D:6      | Noticed sanderoThegreat's ghost (novice MiFi)
  2911 | D:6      | Found Lemayjut's Weapon Shop.
  3057 | D:7      | Reached skill level 9 in Axes
  3065 | D:7      | Reached skill level 1 in Dodging
  3139 | D:7      | Reached * piety under Makhleb
  3163 | D:7      | Found a sacrificial altar of Ru.
  3796 | D:8      | Found a stormy altar of Qazlal.
  3955 | D:8      | Noticed Gastronok
  3974 | D:8      | Killed Gastronok
  3974 | D:8      | Reached skill level 10 in Axes
  3974 | D:8      | Reached XP level 10. HP: 69/92 MP: 3/5
  4021 | D:8      | Reached skill level 5 in Invocations
  4057 | D:8      | Found a glowing silver altar of Zin.
  4057 | D:8      | Noticed an angel
  4274 | D:6      | Bought a +5 battleaxe of flaming for 387 gold pieces
  4421 | D:9      | Found a staircase to the Orcish Mines.
  4426 | D:9      | Reached ** piety under Makhleb
  4602 | D:9      | Reached skill level 11 in Axes
  4849 | D:9      | Noticed Joseph
  4858 | D:9      | Killed Joseph
  5062 | D:10     | Entered Level 10 of the Dungeon
  5102 | D:10     | Reached *** piety under Makhleb
  5208 | D:10     | Reached XP level 11. HP: 84/100 MP: 4/4
  5377 | D:10     | Reached skill level 5 in Dodging
  5492 | D:10     | Found a staircase to the Lair.
  5757 | D:11     | Found Lak Ruel's Armour Boutique.
  5911 | D:11     | Noticed Urug
  5924 | D:11     | Killed Urug
  6057 | D:11     | Found a runed translucent door.
  6063 | D:11     | Found the +10 tower shield of Ignorance {rN+ Int-4}
  6064 | D:11     | Noticed a six-headed hydra
  6070 | D:11     | Killed a three-headed hydra
  6086 | D:11     | Found a runed translucent door.
  6093 | D:11     | Found the +7 great mace "Undeadhunter" {disrupt, rN+}
  6128 | D:11     | Reached **** piety under Makhleb
  6202 | D:11     | Reached skill level 12 in Axes
  6370 | D:11     | Noticed an orange crystal statue
  6601 | D:12     | Noticed Kirke
  6605 | D:12     | Noticed a sphinx
  6709 | Orc:1    | Entered Level 1 of the Orcish Mines
  6714 | Orc:1    | Noticed an orc high priest
  6715 | Orc:1    | Noticed an orc sorcerer
  6716 | Orc:1    | Noticed an orc sorcerer
  6718 | Orc:1    | Noticed a soul eater
  6740 | D:9      | Killed an orc sorcerer
  6873 | Orc:1    | Killed an orc high priest
  6876 | Orc:1    | Killed an orc sorcerer
  6906 | Orc:1    | Noticed an orc knight
  6920 | Orc:1    | Killed an orc knight
  6978 | Orc:1    | Noticed an orc high priest
  6987 | Orc:1    | Killed an orc high priest
  7017 | Orc:1    | Noticed a two-headed ogre
  7021 | Orc:1    | Noticed p0werm0de's ghost (journeyman MiFi)
  7024 | Orc:1    | Found a transporter.
  7179 | Orc:1    | Found a transporter.
  7357 | Orc:1    | Noticed an orc sorcerer
  7362 | Orc:1    | Killed an orc sorcerer
  7362 | Orc:1    | Reached XP level 12. HP: 81/111 MP: 7/7
  7429 | Orc:2    | Entered Level 2 of the Orcish Mines
  7448 | Orc:2    | Noticed Saint Roka
  7525 | Orc:1    | Reached skill level 10 in Armour
  7554 | Orc:2    | Killed Saint Roka
  7554 | Orc:2    | Reached skill level 13 in Axes
  7608 | Orc:2    | Noticed Nessos
  7613 | Orc:2    | Killed Nessos
  7674 | Orc:2    | Found a staircase to the Elven Halls.
  7700 | Orc:2    | Reached ***** piety under Makhleb
  7869 | Orc:2    | Found Soeko's Antique Armour Shoppe.
  7889 | Orc:2    | Found an ancient bone altar of Kikubaaqudgha.
  7889 | Orc:2    | Noticed Nergalle
  7908 | Orc:2    | Killed Nergalle
  7911 | Orc:2    | Found Neast's Magic Scroll Emporium.
  7917 | Orc:2    | Noticed an ogre mage
  7924 | Orc:2    | Killed an ogre mage
  7933 | Orc:2    | Found a radiant altar of Vehumet.
  7968 | Orc:2    | Found a roughly hewn altar of Beogh.
  7968 | Orc:2    | Found Sidevot's Book Shoppe.
  8030 | Orc:2    | Bought a scroll of blinking for 105 gold pieces
  8030 | Orc:2    | Bought a scroll of enchant weapon for 105 gold pieces
  8069 | Orc:2    | Found Vofeagu's Distillery.
  8077 | Orc:2    | Bought a potion of invisibility for 144 gold pieces
  8077 | Orc:2    | Bought a potion of heal wounds for 90 gold pieces
  8178 | Orc:2    | Found a roughly hewn altar of Beogh.
  8391 | Orc:2    | Bought a runed helmet for 210 gold pieces
  8426 | Orc:2    | Bought a scroll of brand weapon for 280 gold pieces
  8550 | Lair:1   | Entered Level 1 of the Lair of Beasts
  8556 | Lair:1   | Reached skill level 14 in Axes
  8636 | Lair:1   | Found a snail-covered altar of Cheibriados.
  8656 | Lair:1   | Reached skill level 10 in Invocations
  8656 | Lair:1   | Reached XP level 13. HP: 81/121 MP: 9/9
  9487 | Lair:3   | Found the +0 sword of Power
  9694 | Lair:3   | Found a staircase to the Snake Pit.
 10217 | Lair:4   | Found a staircase to the Shoals.
 11409 | Lair:5   | Gained mutation: You are robust. (+10% HP) [potion of
                  | mutation]
 11409 | Lair:5   | Gained mutation: You are partially covered in icy blue
                  | scales. (AC +2) [potion of mutation]
 11409 | Lair:5   | Gained mutation: You expend magic power (3 MP) to
                  | strengthen your wands. [potion of mutation]
 11412 | Lair:5   | Reached skill level 15 in Axes
 11459 | Shoals:1 | Entered Level 1 of the Shoals
 11481 | Shoals:2 | Reached ****** piety under Makhleb
 11529 | Shoals:2 | Reached skill level 10 in Fighting
 11629 | Shoals:3 | Noticed a merfolk impaler
 11636 | Shoals:3 | Killed a merfolk impaler
 11647 | Shoals:4 | Entered Level 4 of the Shoals
 11661 | Shoals:4 | Noticed a merfolk impaler
 11665 | Shoals:4 | Noticed a merfolk impaler
 11672 | Shoals:4 | Gained mutation: You resist negative energy. (rN+) [Deep
                  | Dwarf growth]
 11672 | Shoals:4 | Reached XP level 14. HP: 81/145 MP: 11/11
 11769 | Shoals:4 | Got a barnacled rune of Zot
 11812 | Shoals:4 | Reached skill level 10 in Dodging
 11941 | Shoals:2 | Found Quoqutinta's Jewellery Boutique.
 11976 | Shoals:2 | Reached skill level 16 in Axes
 12063 | Snake:1  | Entered Level 1 of the Snake Pit
 12187 | Snake:1  | Found a transporter.
 12195 | Snake:1  | Noticed Ceovvig's ghost (journeyman DgFi)
 12239 | Snake:1  | Found a transporter.
 12301 | Snake:1  | Found Vucunuj's Gadget Shoppe.
 12427 | Snake:2  | Reached XP level 15. HP: 107/156 MP: 4/4
 12593 | Snake:3  | Slain by a shock serpent

Illustrated notes

Levels and vault maps discovered:
D:1:      dpeg_arrival_houses_and_road, layout_rooms, serial_park_tiny_2
D:2:      layout_basic, chequers_temple_overflow_statue_of_worship,
          overflow_temple_1_default, tso_metal_star
D:3:      kennysheep_goblin_castle, layout_loops_cross, uniq_robin
D:4:      layout_layer_cave, minmay_vboxes, uniq_sigmund
D:5:      layout_loops_ring, minmay_temple_entry_statues_fountains, led_sif_pool
D:6:      layout_rooms, grunt_temple_overflow_open,
          gammafunk_ghost_nasty_kobolds, serial_shops, shop_fountains,
          uniq_prince_ribbit1, uniq_pikel, uniq_menkaure
D:7:      layout_rooms, kennysheep_little_box
D:8:      layout_rooms, zin_angel, grunt_qazlal_clouds, uniq_gastronok
D:9:      layout_stronghold, erik_orc_4, solitary_fountain,
          minmay_misc_feat_tower, uniq_joseph
D:10:     layout_roguey, erik_lair_orcish_takeover
D:11:     layout_cave_pods, serial_shops, shop,
          chequers_guarded_unrand_ignorance, uniq_urug
D:12:     layout_long_grid, lemuel_hellish_altar, uniq_kirke, uniq_josephine
Temple:   minmay_temple_curvy_loop
Lair:1:   layout_misc_corridors, basic_altar, beast_lair_carwin_11
Lair:2:   layout_cave_pods
Lair:3:   regret_index_combs_of_tragedy, layout_misc_corridors,
          guppyfry_snake_entry_island
Lair:4:   layout_cave_pods, shoals_dummy_entry, nicolae_quartered_pool_super,
          infiniplex_staircase_pool_2
Lair:5:   layout_regular_city, minmay_slime_entry_oklob_enclosed, basic_altar,
          minivault_26, columned_hall_lemuel, st_stairs_11
Shoals:1: layout_shoals, serial_shops, shop, abandoned_shop,
          nicolae_shoals_dead_sea_scrolls
Shoals:2: layout_shoals, serial_shops, nicolae_shop_stone, lightli_airlock
Shoals:3: layout_shoals, portal_ice_cave_entry_frozen_things
Shoals:4: shoals_end_grunt_garden, layout_shoals, uniq_louise
Snake:1:  layout_misc_corridors, serial_shops, shop,
          gammafunk_ghost_berserking_beasts, minmay_shop_grove
Snake:2:  layout_layer_cave, fake_guardian_serpent_vault
Snake:3:  skrybe_snakes_to_sticks, layout_onion, nicolae_snake_springs,
          uniq_roxanne
Orc:1:    layout_caves, gammafunk_ghost_arena
Orc:2:    kennysheep_orc_mage_school, layout_diamond_mine, basic_altar,
          uniq_nessos, uniq_saint_roka

Skill      XL: |  1  2  3  4  5  6  7  8  9 10 11 12 13 14 15 |
---------------+----------------------------------------------+-----
Axes           | 3 4 5 6 8 10 11 12 14 15 16 | 16.7
Fighting       | 3 4 5 6 7 8 9 10 11 12 | 12.0
Armour         | 4 5 6 8 9 10 11 12 | 12.7
Shields        | 4 5 6 |  6.8
Invocations    | 4 6 8 10 11 12 13 | 13.4
Dodging        | 3 4 6 8 9 10 11 | 11.0

Action                   |  1- 3 |  4- 6 |  7- 9 | 10-12 | 13-15 || total
-------------------------+-------+-------+-------+-------+-------++-------
Melee: War axe           |    57 |   106 |   406 |    30 |       ||   599
       Battleaxe         |       |       |       |   395 |   730 ||  1125
Invok: Lesser Servant of |       |       |       |     4 |       ||     4
 Abil: Heal Wounds       |     1 |     4 |    23 |    14 |    43 ||    85
Evoke: Box of beasts     |       |       |       |     3 |       ||     3
       Phantom mirror    |       |       |       |     1 |       ||     1
  Use: Scroll            |       |       |    16 |     6 |    11 ||    33
       Potion            |       |       |       |       |     9 ||     9
Armor: Scale mail        |    17 |    51 |    92 |       |       ||   160
       Chain mail        |       |       |    41 |   135 |       ||   176
       Plate armour      |       |       |       |    79 |   685 ||   764
Dodge: Dodged            |     9 |    43 |   117 |   227 |   564 ||   960
       Repelled          |       |       |     2 |     2 |    10 ||    14
Block: Kite shield       |    22 |    62 |   247 |    17 |       ||   348
       Other             |       |       |       |    90 |   243 ||   333
       Reflection        |       |       |       |     6 |    19 ||    25

Table legend: (Time is in decaauts)
 A = Elapsed time spent in this place.
 B = Non-inter-level travel time spent in this place.
 C = Inter-level travel time spent in this place.
 D = Time resting spent in this place.
 E = Time spent auto-exploring this place.
 F = Levels seen in this place.
 G = Mean time per level.
                   A        B        C        D        E       F      G
               +--------+--------+--------+--------+--------+-----+--------+
         Total |  12750 |  11786 |    964 |    124 |   8339 |  27 |  472.2 |
       Dungeon |   6824 |   6284 |    540 |    124 |   4547 |  12 |  568.7 |
        Temple |    212 |    187 |     25 |      0 |    185 |   1 |  212.0 |
          Lair |   2945 |   2782 |    163 |      0 |   2222 |   5 |  589.0 |
        Shoals |    575 |    526 |     49 |      0 |     49 |   4 |  143.8 |
     Snake Pit |    511 |    505 |      6 |      0 |    263 |   3 |  170.3 |
  Orcish Mines |   1680 |   1501 |    179 |      0 |   1071 |   2 |  840.0 |
               +--------+--------+--------+--------+--------+-----+--------+

Top non-repeatable levels by time:
     D:4: 1125 daAuts
   Orc:2: 1003 daAuts
     D:9: 933 daAuts
  Lair:4: 917 daAuts
    D:11: 774 daAuts
  Lair:3: 735 daAuts
     D:5: 731 daAuts
  Lair:2: 726 daAuts
     D:7: 726 daAuts
   Orc:1: 676 daAuts
    D:10: 625 daAuts
     D:8: 539 daAuts
     D:6: 514 daAuts
     D:2: 406 daAuts
  Lair:5: 356 daAuts
